Workbook

Sheet Suivi des Heures
A1: Nom du salarié | B1: Date | C1: Heures normales | D1: Heures supplémentaires | E1: Total heures
E2: =C2+D2
E3: =C3+D3
E4: =C4+D4
E5: =C5+D5
E6: =C6+D6
E7: =C7+D7
E8: =C8+D8
E9: =C9+D9
E10: =C10+D10
E11: =C11+D11

Sheet Suivi Congés
A1: Nom du salarié | B1: Congés annuels acquis | C1: Congés pris | D1: Solde congés
D2: =B2-C2
D3: =B3-C3
D4: =B4-C4
D5: =B5-C5
D6: =B6-C6
D7: =B7-C7
D8: =B8-C8
D9: =B9-C9
D10: =B10-C10
D11: =B11-C11

Sheet Fiche de Paie
A1: Nom du salarié | B1: Salaire de base (€) | C1: Heures totales | D1: Taux horaire (€) | E1: Primes (€) | F1: Avantages en nature (€) | G1: Brut (€) | H1: Cotisations salariales (€) | I1: Net imposable (€) | J1: Impôt à la source (€) | K1: Net à payer (€)
G2: =B2+C2*D2+E2+F2 | H2: =G2*0.22 | I2: =G2-H2 | K2: =I2-J2
G3: =B3+C3*D3+E3+F3 | H3: =G3*0.22 | I3: =G3-H3 | K3: =I3-J3
G4: =B4+C4*D4+E4+F4 | H4: =G4*0.22 | I4: =G4-H4 | K4: =I4-J4
G5: =B5+C5*D5+E5+F5 | H5: =G5*0.22 | I5: =G5-H5 | K5: =I5-J5
G6: =B6+C6*D6+E6+F6 | H6: =G6*0.22 | I6: =G6-H6 | K6: =I6-J6
G7: =B7+C7*D7+E7+F7 | H7: =G7*0.22 | I7: =G7-H7 | K7: =I7-J7
G8: =B8+C8*D8+E8+F8 | H8: =G8*0.22 | I8: =G8-H8 | K8: =I8-J8
G9: =B9+C9*D9+E9+F9 | H9: =G9*0.22 | I9: =G9-H9 | K9: =I9-J9
G10: =B10+C10*D10+E10+F10 | H10: =G10*0.22 | I10: =G10-H10 | K10: =I10-J10
G11: =B11+C11*D11+E11+F11 | H11: =G11*0.22 | I11: =G11-H11 | K11: =I11-J11

Sheet Tableau de Bord RH
A1: Indicateur | B1: Valeur
A2: Nombre total de salariés | B2: =COUNTA('Fiche de Paie'!A2:A11)
A3: Heures totales travaillées (mois) | B3: =SUM('Fiche de Paie'!C2:C11)
A4: Total des salaires bruts (mois) | B4: =SUM('Fiche de Paie'!G2:G11)
A5: Coût moyen par salarié | B5: =B4/B2
A6: Total des cotisations salariales | B6: =SUM('Fiche de Paie'!H2:H11)
A7: Total net à payer | B7: =SUM('Fiche de Paie'!K2:K11)
